 Dungeon Crawl Stone Soup version 0.18-a0-775-g4d9e04e (webtiles) character file.

406 Proton the Cudgeler (level 6, -6/67 HPs)
             Began as an Ogre Fighter on Dec 13, 2015.
             Mangled by a wyvern skeleton (14 damage)
             ... on level 4 of the Dungeon.
             The game lasted 00:07:54 (3704 turns).

Proton the Cudgeler (Ogre Fighter)                  Turns: 3704, Time: 00:07:54

Health: -6/67      AC:  3    Str: 24    XL:     6   Next: 87%
Magic:  6/6        EV: 10    Int:  7    God:
Gold:   249        SH:  0    Dex:  9    Spells: 0 memorised, 5 levels left

rFire  . . .     SeeInvis .     a - +0 flail
rCold  . . .     Clarity  .     b - +0 robe
rNeg   . . .     SustAt   .     (no shield)
rPois  .         Gourm    .     (helmet restricted)
rElec  .         Spirit   .     (no cloak)
rCorr  .         Dismiss  .     (gloves unavailable)
rMut   .         Stasis   .     (boots unavailable)
MR     .....                    (no amulet)
Stlth  +.........               (no ring)
                                (no ring)

@: not resistant to hostile enchantments, very unstealthy
A: unfitting armour, tough skin 1
a: no special abilities


You were on level 4 of the Dungeon.
You were not hungry.

You visited 1 branch of the dungeon, and saw 4 of its levels.

You collected 249 gold pieces.

Inventory:

Hand Weapons
 a - a +0 flail (weapon)
Armour
 b - a +0 robe (worn)
Scrolls
 c - 3 scrolls of enchant armour
 e - 2 scrolls of identify
 i - a scroll of recharging {unknown}
 j - 3 scrolls of remove curse
 k - a scroll of random uselessness {unknown}
 m - 2 scrolls of teleportation
 o - a scroll of fear
Potions
 d - a potion of might
 h - 2 potions of haste {unknown}
 l - a potion of agility
 p - a potion of curing
 r - a potion of lignification
Comestibles
 f - 3 bread rations
 g - a slice of pizza


   Skills:
 + Level 6.0 Fighting
 * Level 6.8 Maces & Flails
 + Level 4.0 Dodging
   Level 2.6 Shields


You had 5 spell levels left.
You didn't know any spells.

Dungeon Overview and Level Annotations

Branches:
Dungeon (4/15)
 Temple: D:4-7

Altars:


Innate Abilities, Weirdness & Mutations

You are too large for most types of armour.
You have tough skin (AC +1).


Message History

You are too injured to fight recklessly!
You are too injured to fight recklessly!
You are too injured to fight recklessly!
You are too injured to fight recklessly!
You are too injured to fight recklessly!
You are too injured to fight recklessly!
You are too injured to fight recklessly!
You are too injured to fight recklessly!
You are too injured to fight recklessly!
You are too injured to fight recklessly!
You are too injured to fight recklessly!
You are too injured to fight recklessly!
You are too injured to fight recklessly!
You are too injured to fight recklessly!
You are too injured to fight recklessly!
You sock the wyvern skeleton! The wyvern skeleton bites you!
The wyvern skeleton bites you!
* * * LOW HITPOINT WARNING * * *
You barely miss the wyvern skeleton. The wyvern skeleton bites you!
You die...

.##.......(.......##
##.................#
...................##
.......#............##
.#....###.........#..######.#
#...#........................
...........########.....###..
###..#..#.#########..####
##..[...##....@Zo...# ##
##[..####.########.#
.###..................#
..........###.........#
..##..###.# ...>...Z# #.##..#
.# ...(....# ......# .
......... ..รท...### ##
.....!... ".......#
..(......#


You could see an orc and a wyvern skeleton.

Vanquished Creatures
  A phantom (D:4)
  A giant frog zombie (D:4)
  A giant frog skeleton (D:4)
  2 worker ants (D:4)
  10 adders
  3 worms
  4 giant geckos
  10 orcs (D:3)
  6 bats
  11 goblins
  10 hobgoblins
  10 jackals
  A quokka (D:2)
  7 giant cockroaches
  A giant gecko skeleton (D:4)
  6 giant newts
  8 kobolds
  13 rats
105 creatures vanquished.

Notes
Turn   | Place    | Note
--------------------------------------------------------------
     0 | D:1      | Proton the Ogre Fighter began the quest for the Orb.
     0 | D:1      | Reached XP level 1. HP: 24/24 MP: 1/1
     9 | D:1      | Noticed a draconian
     9 | D:1      | Noticed a vine stalker
    11 | D:1      | Noticed a human
    13 | D:1      | Noticed a ghoul
    13 | D:1      | Noticed a vampire
    15 | D:1      | Noticed a naga
    17 | D:1      | Noticed a formicid
    17 | D:1      | Noticed a gargoyle
    19 | D:1      | Noticed a felid
    21 | D:1      | Noticed an octopode
    21 | D:1      | Noticed a demonspawn
    23 | D:1      | Noticed a tengu
    23 | D:1      | Noticed a troll
    25 | D:1      | Noticed a demigod
    25 | D:1      | Noticed a dwarf
    27 | D:1      | Noticed a spriggan
    27 | D:1      | Noticed a minotaur
    29 | D:1      | Noticed a merfolk
    31 | D:1      | Noticed a centaur
    31 | D:1      | Noticed an ogre
    33 | D:1      | Noticed an elf
    79 | D:1      | Reached XP level 2. HP: 29/32 MP: 2/2
   542 | D:1      | Reached XP level 3. HP: 36/40 MP: 3/3
   858 | D:2      | Reached XP level 4. HP: 28/49 MP: 4/4
  1362 | D:2      | HP: 2/49 [adder (1)]
  1368 | D:2      | Reached skill level 5 in Fighting
  1909 | D:3      | Reached XP level 5. HP: 19/57 MP: 5/5
  2377 | D:3      | Reached skill level 5 in Maces & Flails
  2473 | D:4      | Noticed a phantom
  3267 | D:4      | Reached XP level 6. HP: 61/66 MP: 6/6
  3281 | D:4      | Reached skill level 6 in Maces & Flails
  3704 | D:4      | Mangled by a wyvern skeleton

Vault maps used:
D:1:      kb_arrival_jail
D:2:      first_bread, minmay_tree_intersection, st_stairs_12
D:3:      minmay_misc_feat_doors, corner_web_ring, kennysheep_generic_room_4
D:4:      grunt_dithmenos_shadows, temple_statues, dk_noncrumbling_3

Action                   |  1- 3 |  4- 6 || total
-------------------------+-------+-------++-------
Melee: Flail             |   100 |   231 ||   331
  Use: Potion            |       |     3 ||     3
       Scroll            |       |     6 ||     6
  Eat: Meat ration       |       |     2 ||     2
